 Dungeon Crawl Stone Soup version 0.18-a0-46-g45ca8e4 (webtiles) character file.

26760 UristPineapples the Fighter (level 12, -6/109 HPs)
             Began as a Demigod Conjurer on Nov 6, 2015.
             Hit by a large rock thrown by a stone giant (54 damage)
             ... on level 4 of the Orcish Mines.
             The game lasted 01:51:52 (20991 turns).

UristPineapples the Fighter (Demigod Conjurer)     Turns: 20991, Time: 01:51:53

Health: -6/109     AC: 11    Str:  7    XL:     12   Next: 63%
Magic:  29/32      EV: 11    Int: 36    God:
Gold:   1577       SH:  0    Dex: 16    Spells: 9 memorised, 2 levels left

rFire  . . .     SeeInvis .     Y - +8 trident of the Octopus King {venom, rElec rPois MR+}
rCold  + + .     Clarity  +     T - +0 leather armour of Minor Irritation {Int+3} (curse)
rNeg   . . .     SustAt   +     (no shield)
rPois  +         Gourm    .     (no helmet)
rElec  +         Spirit   .     X - +1 cloak of Kagaen Oxume {rC++}
rCorr  .         Warding  .     f - +2 pair of gloves
rMut   .         Stasis   .     (no boots)
MR     ++...                    u - amulet of clarity
Stlth  ++........               S - +6 ring of intelligence
                                d - ring of wizardry

@: very slightly contaminated, drained, very resistant to hostile enchantments,
unstealthy
A: molten scales 1, rugged brown scales 1, deterioration 1, high mp 2,
regeneration 1, weak 2, sustain attributes
a: no special abilities


You were on level 4 of the Orcish Mines.
You were not hungry.

You visited 2 branches of the dungeon, and saw 17 of its levels.
You also visited: Labyrinth and Bailey.

You collected 1577 gold pieces.

Inventory:

Hand Weapons
 e - the +0 quarterstaff of Dominance {holy, MP+9}
   (You found it in a labyrinth)

   It has been blessed by the Shining One to cause great damage to the undead
   and demons.
   It affects your magic capacity (+9).
 Y - the +8 trident of the Octopus King (weapon) {venom, rElec rPois MR+}
   (You took it off an orc wizard on level 12 of the Dungeon)

   It poisons the flesh of those it strikes.
   It insulates you from electricity.
   It protects you from poison.
   It affects your resistance to hostile enchantments.
Armour
 f - a +2 pair of gloves (worn)
 D - the +1 leather armour "Eruust" {Dex+2 Slay+2 SInv}
   (You found it on level 5 of the Dungeon)

   It affects your dexterity (+2).
   It affects your accuracy and damage with ranged weapons and melee attacks
   (+2).
   It lets you see invisible.
 T - the cursed +0 leather armour of Minor Irritation (worn) {Int+3}
   (You found it on level 11 of the Dungeon)

   It affects your intelligence (+3).
   It has a curse placed upon it.
 X - the +1 cloak of Kagaen Oxume (worn) {rC++}
   (You found it in a labyrinth)

   It greatly protects you from cold.
Rods
 J - a +4 rod of clouds (14/14)
   (You found it in a labyrinth)
Jewellery
 d - a ring of wizardry (left hand)
 h - an uncursed ring of protection from fire
 m - an uncursed ring of flight
 n - an uncursed ring of magical power
 u - an amulet of clarity (around neck)
 y - an uncursed ring of protection from fire
 B - a +4 ring of protection
 P - an uncursed amulet of the gourmand
 S - a +6 ring of intelligence (right hand)
 U - an uncursed amulet of resist corrosion
Wands
 g - a wand of polymorph (11)
 r - a wand of paralysis (7)
 v - a wand of cold (3)
 w - a wand of digging (20)
 x - a wand of teleportation (5)
 Q - a wand of confusion (15)
Scrolls
 i - 3 scrolls of recharging
 l - 2 scrolls of enchant armour
 p - 6 scrolls of remove curse
 s - 6 scrolls of enchant weapon
 A - 2 scrolls of fear {unknown}
 C - 3 scrolls of fog
 F - 2 scrolls of vulnerability {unknown}
 G - 2 scrolls of blinking
 R - a scroll of brand weapon {unknown}
 V - a scroll of immolation
Potions
 a - a potion of brilliance {unknown}
 b - a potion of haste {unknown}
 j - a potion of resistance {unknown}
 q - 4 potions of might
 E - a potion of cancellation {unknown}
 H - 2 potions of lignification
 L - a potion of mutation {unknown}
 N - a potion of magic
 W - 2 potions of cure mutation
Books
 o - a book of Envenomations

   Spells                             Type                      Level
   a - Spider Form                    Transmutation/Poison         3
   b - Alistair's Intoxication        Transmutation/Poison         4
   c - Olgreb's Toxic Radiance        Poison                       4
   d - Poisonous Cloud                Conjuration/Poison/Air       6
 z - Neus's Handbook of Orientation and Augmentations
   (You found it on level 11 of the Dungeon)

   Spells                             Type                      Level
   a - Shroud of Golubria             Charms/Translocation         2
   b - Blink                          Translocation                2
   c - Spectral Weapon                Hexes/Charms                 3
   d - Recall                         Summoning/Translocation      3
   e - Teleport Other                 Translocation                3
   f - Haste                          Charms                       6
 I - a book of the Warp

   Spells                             Type                      Level
   a - Recall                         Summoning/Translocation      3
   b - Gell's Gravitas                Hexes/Translocation          3
   c - Force Lance                    Conjuration/Translocation    4
   d - Phase Shift                    Translocation                5
   e - Warp Weapon                    Charms/Translocation         5
   f - Summon Forest                  Summoning/Translocation      5
 K - a book of the Earth

   Spells                             Type                      Level
   a - Leda's Liquefaction            Hexes/Earth                  4
   b - Bolt of Magma                  Conjuration/Fire/Earth       5
   c - Statue Form                    Transmutation/Earth          6
   d - Iron Shot                      Conjuration/Earth            6
   e - Shatter                        Earth                        9
 O - a book of Necromancy

   Spells                             Type                      Level
   a - Pain                           Necromancy                   1
   b - Animate Skeleton               Necromancy                   1
   c - Vampiric Draining              Necromancy                   3
   d - Regeneration                   Charms/Necromancy            3
   e - Animate Dead                   Necromancy                   4
   f - Control Undead                 Necromancy                   4
Miscellaneous
 Z - a legendary deck of changes {Wild Magic}
Comestibles
 c - 9 bread rations
 k - a meat ration
 t - 6 fruits
 M - 3 chunks of flesh


   Skills:
 - Level 10.0(9.8) Fighting
 + Level 6.3(6.2) Armour
 - Level 1.7(1.6) Dodging
 - Level 1.7(1.6) Stealth
 - Level 9.0(8.8) Spellcasting
 - Level 8.0(7.9) Conjurations
 - Level 9.0(8.8) Hexes
 * Level 7.6(7.4) Charms


You had 2 spell levels left.
You knew the following spells:

 Your Spells              Type           Power        Failure   Level  Hunger
a - Magic Dart            Conj           ####         1%          1    None
b - Searing Ray           Conj           ######       1%          2    None
c - Dazzling Spray        Conj/Hex       ######..     1%          3    None
d - Iskenderun's Mystic   Conj           ######..     1%          4    None
e - Fulminant Prism       Conj/Hex       ######....   1%          4    None
f - Iskenderun's Battles  Conj/Chrm      ######..     2%          5    ###....
g - Blink                 Tloc           N/A          3%          2    None
h - Shroud of Golubria    Chrm/Tloc      #####.....   1%          2    None
i - Leda's Liquefaction   Hex/Erth       #####.....   3%          4    None


Dungeon Overview and Level Annotations

Branches:
Dungeon (13/15)            Temple (0/1) D:4            Lair (0/8) D:11
    Orc (4/4) D:11            Elf (0/3) Orc:3
 Vaults: D:13-14

Shops:
D:10 :

Annotations:
D:2 exclusion: adder, Sigmund
D:5 Duvessa


Innate Abilities, Weirdness & Mutations

You have a considerably increased reservoir of magic (+20% MP).
Your attributes are resistant to harm.
You are partially covered in molten scales (AC +1).
You are partially covered in rugged brown scales (AC +1, +3% HP).
Your body sometimes deteriorates upon taking damage.
Your natural rate of healing is unusually fast.
You are very weak. (Str -4)


Message History

You miscast Shroud of Golubria.
You are very lightly contaminated with residual magic.
Nothing appears to happen.
There is a stone staircase leading down here.
You climb downwards.
An ogre comes into view. It is wielding a giant club.
The ogre shouts!
The stone giant shouts!
You hear a shout!
You hear a shout!
The stone giant hits you!! The ogre hits you with a giant club!
The two-headed ogre hits you with a giant club!
Your body deteriorates!
You feel dopey for a moment.
The two-headed ogre hits you but does no damage.
The stone giant hits you but does no damage.
An ogre comes into view. It is wielding a giant club.
There is a stone staircase leading up, spattered with blood here.
You see here 3 large rocks.
Casting: Shroud of Golubria
Confirm with . or Enter, or press ? or * to list all spells.
You blink.
The stone giant throws a large rock.
The large rock hits you!!!
You die...

# #. # #.# .##
##...# ....#
#....###...#
#....@....#
###.$........
##..)###.#.. #
#....## #.
##.#..O..# ...
#....O.)#.[.##
##.#..ยง.O)...#
#.....[C[...##
##.....)(....#


You could see a stone giant, a two-headed ogre and 2 ogres.

Vanquished Creatures
  An orc warlord (Orc:3)
  A minotaur (Lab)
  An orc high priest (Orc:3)
  Nergalle (Orc:3)
  The ghost of 4thArraOfDagon the Slinger, a novice HaHu of Cheibriados (Bailey)
  2 hill giants
  A deep troll (Orc:4)
  2 ugly things (D:12)
  2 orc sorcerers
  2 orc knights
  A flayed ghost (D:11)
  2 manticores
  A gargoyle (D:10)
  Psyche (D:9)
  3 trolls
  2 two-headed ogres
  A queen bee (D:8)
  A slime creature (D:11)
  3 shadows
  A trapdoor spider (D:10)
  A fire bat (D:11)
  A spriggan (D:8)
  3 hippogriffs
  2 steam dragons
  5 wraiths
  17 yaks
  2 wyverns
  A basilisk (D:10)
  2 vampire mosquitoes (D:12)
  2 wargs
  2 water moccasins
  4 phantoms
  11 ogres
  5 ice beasts
  2 necrophages
  6 black bears
  4 sky beasts
  17 orc warriors
  A wasp (D:12)
  6 centaurs
  Blork the orc (D:5)
  2 big kobolds
  A wyvern zombie (D:11)
  7 giant frogs
  A water moccasin skeleton (D:5)
  Dowan (D:5)
  3 wyvern skeletons (D:9)
  2 scorpions
  14 killer bees
  5 crimson imps
  23 orc priests
  2 centaur zombies
  A quasit (D:3)
  Crazy Yiuf (D:5)
  4 giant frog skeletons
  Ijyb (D:2)
  A giant frog zombie (D:13)
  7 hounds
  3 jellies
  32 orc wizards
  2 centaur skeletons
  4 iguanas
  Terence (D:2)
  9 worker ants
  A mummy (D:5)
  A worker ant zombie (D:10)
  9 gnolls
  15 adders
  6 shadow imps
  2 oozes
  4 worms
  6 giant geckos
  213 orcs
  18 bats
  6 goblins
  11 hobgoblins
  9 jackals
  20 kobolds
  7 quokkas
  A ball python (D:4)
  3 giant cockroaches
  3 giant newts
  A quokka skeleton (D:7)
  4 rats
592 creatures vanquished.

Vanquished Creatures (others)
  A sky beast (D:12)
  An orc warrior (D:6)
  2 orcs
  94 fulminant prisms
  A plant (D:8)
99 creatures vanquished.

Grand Total: 691 creatures vanquished

Notes
Turn   | Place    | Note
--------------------------------------------------------------
     0 | D:1      | UristPineapples the Demigod Conjurer began the quest for the Orb.
     0 | D:1      | Reached XP level 1. HP: 14/14 MP: 5/5
   185 | D:1      | Reached skill level 4 in Conjurations
   262 | D:1      | Reached XP level 2. HP: 20/20 MP: 4/7
   268 | D:1      | Learned a level 2 spell: Searing Ray
   724 | D:1      | Reached XP level 3. HP: 24/26 MP: 1/8
   827 | D:2      | Noticed Sigmund
   930 | D:2      | Noticed Terence
  1033 | D:2      | Killed Terence
  1033 | D:2      | Reached skill level 5 in Conjurations
  1272 | D:2      | Reached XP level 4. HP: 31/33 MP: 5/9
  1280 | D:2      | Learned a level 3 spell: Dazzling Spray
  1455 | D:2      | Noticed Ijyb
  1463 | D:2      | Killed Ijyb
  1963 | D:2      | Reached skill level 6 in Conjurations
  1963 | D:2      | Reached XP level 5. HP: 38/38 MP: 7/10
  3775 | D:4      | Reached XP level 6. HP: 43/45 MP: 8/11
  4041 | D:4      | Reached skill level 7 in Conjurations
  4105 | D:4      | Found a staircase to the Ecumenical Temple.
  4598 | D:5      | Entered Level 5 of the Dungeon
  4722 | D:5      | Reached skill level 8 in Conjurations
  4833 | D:5      | Noticed Blork the orc
  4839 | D:5      | Killed Blork the orc
  4839 | D:5      | Reached skill level 1 in Fighting
  4839 | D:5      | Reached XP level 7. HP: 48/52 MP: 13/13
  4874 | D:5      | Got a slimy leather armour
  4892 | D:5      | Identified the +1 leather armour "Eruust" {Dex+2 Slay+2 SInv} (You found it on level 5 of the Dungeon)
  4966 | D:5      | Noticed Crazy Yiuf
  4970 | D:5      | Killed Crazy Yiuf
  5075 | D:5      | Found a snail-covered altar of Cheibriados.
  5718 | D:5      | Reached XP level 8. HP: 62/66 MP: 16/16
  5774 | D:5      | Noticed Duvessa
  5774 | D:5      | Noticed Dowan
  5925 | D:5      | Learned a level 4 spell: Iskenderun's Mystic Blast
  6357 | D:5      | Killed Dowan
  6439 | D:6      | Reached skill level 5 in Fighting
  6541 | D:6      | Learned a level 4 spell: Fulminant Prism
  6558 | D:6      | Found a basalt altar of Yredelemnul.
  7301 | D:6      | Reached XP level 9. HP: 79/79 MP: 16/20
  7681 | D:6      | Reached skill level 5 in Spellcasting
  9151 | D:8      | Gained mutation: You are weak. (Str -2) [mutagenic meat]
  9152 | D:8      | Gained mutation: You have a considerably increased reservoir of magic (+20% MP). [mutagenic meat]
  9153 | D:8      | Gained mutation: You are partially covered in rugged brown scales (AC +1, +3% HP). [mutagenic meat]
  9154 | D:8      | Gained mutation: You are very weak. (Str -4) [mutagenic meat]
  9155 | D:8      | Gained mutation: Your body sometimes deteriorates upon taking damage. [mutagenic meat]
  9156 | D:8      | Gained mutation: Your natural rate of healing is unusually fast. [mutagenic meat]
  9241 | D:8      | Reached skill level 9 in Fighting
  9715 | D:8      | Reached XP level 10. HP: 93/93 MP: 22/25
  9803 | D:8      | Found a deep blue altar of Sif Muna.
  9811 | D:8      | Found a bloodstained altar of Trog.
 10274 | D:9      | You fall through a shaft for 3 floors!
 10282 | D:12     | Learned a level 5 spell: Iskenderun's Battlesphere
 10287 | D:12     | Noticed a purple ugly thing
 10296 | D:12     | Found a sparkling altar of Nemelex Xobeh.
 10314 | D:11     | Found a staircase to the Orcish Mines.
 10379 | D:11     | Noticed a manticore
 10392 | D:11     | Found a runed door.
 10435 | D:10     | Entered Level 10 of the Dungeon
 10443 | D:10     | Reached skill level 10 in Fighting
 10480 | D:9      | Reached skill level 1 in Hexes
 11153 | D:9      | Found a stormy altar of Qazlal.
 11353 | D:9      | Found a sparkling altar of Nemelex Xobeh.
 11450 | D:9      | Found a shimmering altar of Xom.
 11452 | D:9      | Found a blossoming altar of Fedhas.
 11455 | D:9      | Noticed Psyche
 11460 | D:9      | Killed Psyche
 11460 | D:9      | Reached skill level 5 in Hexes
 11638 | D:10     | Noticed a manticore
 11660 | D:10     | Killed a manticore
 12292 | D:10     | Reached XP level 11. HP: 62/101 MP: 14/29
 12915 | D:10     | Found Uxos's Book Emporium.
 13535 | D:11     | Found a staircase to the Lair.
 13656 | D:11     | Found a shimmering altar of Xom.
 13947 | D:11     | Found an opulent altar of Gozag.
 13980 | D:11     | Found a shimmering altar of Xom.
 14003 | D:11     | Found an ancient bone altar of Kikubaaqudgha.
 14022 | D:11     | Found a shattered altar of Ashenzari.
 14027 | D:11     | Found a shattered altar of Ashenzari.
 14040 | D:11     | Noticed a flayed ghost
 14045 | D:11     | Killed a flayed ghost
 14052 | D:11     | Identified Neus's Handbook of Orientation and Augmentations
 14056 | D:11     | Learned a level 2 spell: Blink
 14059 | D:11     | Learned a level 2 spell: Shroud of Golubria
 14061 | D:11     | Got an ancient leather armour
 14072 | D:11     | Identified the cursed +0 leather armour of Minor Irritation {Int+3} (You found it on level 11 of the Dungeon)
 14784 | D:12     | Reached skill level 1 in Armour
 14784 | D:12     | Reached skill level 1 in Charms
 14791 | D:12     | Gained mutation: You are partially covered in molten scales (AC +1). [mutagenic meat]
 15459 | D:13     | Noticed a tengu warrior
 15461 | D:13     | Noticed a tengu warrior
 15656 | Orc:1    | Entered Level 1 of the Orcish Mines
 15760 | Orc:2    | Reached XP level 12. HP: 70/109 MP: 12/32
 15777 | Orc:2    | Found a roughly hewn altar of Beogh.
 15878 | Orc:2    | Found a roughly hewn altar of Beogh.
 16018 | Orc:1    | Found a burning altar of Makhleb.
 16210 | Orc:1    | Found a flagged portal.
 16219 | Bailey   | Entered a bailey
 16288 | Bailey   | Noticed 4thArraOfDagon's ghost (novice HaHu)
 16302 | Bailey   | Killed 4thArraOfDagon's ghost
 17485 | Orc:2    | Reached skill level 5 in Armour
 17763 | Orc:3    | Reached skill level 5 in Charms
 17901 | Orc:3    | Noticed an orc warlord
 17920 | Orc:3    | Noticed Nergalle
 18011 | Orc:3    | Killed an orc warlord
 18231 | Orc:3    | Found a staircase to the Elven Halls.
 18245 | Orc:3    | Killed Nergalle
 18886 | Orc:4    | Entered Level 4 of the Orcish Mines
 18886 | Orc:4    | Found a labyrinth entrance.
 18903 | Lab      | Entered a labyrinth
 19172 | Lab      | Learned a level 4 spell: Leda's Liquefaction
 19902 | Lab      | Noticed a minotaur
 19910 | Lab      | Killed a minotaur
 19917 | Lab      | Got a translucent cloak
 19928 | Lab      | Identified the +1 cloak of Kagaen Oxume {rC++} (You found it in a labyrinth)
 19929 | Lab      | Got a translucent quarterstaff
 19930 | Lab      | Identified the +0 quarterstaff of Dominance {holy, MP+9} (You found it in a labyrinth)
 19933 | Lab      | Identified a +4 rod of clouds (14/14) (You found it in a labyrinth)
 20264 | Orc:4    | Noticed a stone giant
 20991 | Orc:4    | Hit by a large rock thrown by a stone giant

Vault maps used:
D:1:      minmay_arrival_five_plusses, serial_bayou, serial_bayou_pond_b,
          serial_bayou_shore_b, serial_bayou_pond_d, serial_bayou_ford_a,
          st_stairs_1
D:2:      forest_paths, minivault_23, uniq_sigmund, uniq_iyjb, uniq_terence
D:4:      minmay_temple_entry_butterflies
D:5:      slow_altar_1, first_bread, minivault_23, kennysheep_boxes,
          uniq_crazy_yiuf_cottage, uniq_duvessa, uniq_blork_the_orc
D:6:      old_standard_altar
D:8:      grunt_temple_overflow_open, the_bakery, nicolae_looking_at_the_future
D:9:      minitemple, kennysheep_mini, lemuel_crystal_altar, uniq_psyche
D:10:     minmay_curly_fans, serial_shops, shop_statue
D:11:     due_megacathedral
D:12:     nemelex_deck
D:13:     minivault_5, nrook_pool_corridor
Orc:1:    basic_altar, enter_bailey_2
Orc:2:    basic_altar, minmay_orc_temple_b
Orc:3:    nicolae_orc_pool_cavern, uniq_nergalle
Orc:4:    st_orc_open, lab_entry_generic, guppyfry_orc_lava_fort
Bailey:   bailey_polearm_2, bailey

Action                   |  1- 3 |  4- 6 |  7- 9 | 10-12 || total
-------------------------+-------+-------+-------+-------++-------
Melee: Unarmed           |    42 |    14 |     1 |     4 ||    61
       Trident           |       |       |       |    68 ||    68
 Cast: Magic Dart        |    35 |    49 |   148 |   288 ||   520
       Searing Ray       |     7 |    29 |    67 |    89 ||   192
       Dazzling Spray    |       |    24 |    34 |    39 ||    97
       Iskenderun's Myst |       |       |    19 |    87 ||   106
       Fulminant Prism   |       |       |       |    95 ||    95
       Shroud of Golubri |       |       |       |    21 ||    21
       Blink             |       |       |       |    11 ||    11
       Iskenderun's Batt |       |       |       |    33 ||    33
       Leda's Liquefacti |       |       |       |     4 ||     4
Evoke: Wand              |       |       |       |     4 ||     4
       Rod               |       |       |       |     2 ||     2
  Use: Potion            |     3 |       |     1 |     8 ||    12
       Scroll            |     2 |       |     8 |    11 ||    21
 Stab: Invisible         |       |       |       |     1 ||     1
  Eat: Chunk             |     1 |    15 |    26 |    27 ||    69
       Pizza             |     1 |       |       |     1 ||     2
       Royal jelly       |       |       |       |     1 ||     1
       Meat ration       |       |       |       |     1 ||     1
       Bread ration      |       |       |       |     1 ||     1
       Fruit             |       |       |       |     1 ||     1
       Beef jerky        |       |       |       |     1 ||     1
